 Dungeon Crawl Stone Soup version 0.27.1-4-g1640c2035a (webtiles) character file.

Game seed: 3066597245805130229

295 raph the Digger (level 6, -1/32 HPs)
             Began as a Deep Elf Earth Elementalist on Nov 11, 2021.
             Slain by a water moccasin (2 damage)
             ... on level 4 of the Dungeon.
             The game lasted 00:04:52 (3687 turns).

raph the Digger (Deep Elf Earth Elementalist)       Turns: 3687, Time: 00:04:52

Health: -1/32      AC:  4    Str:  5    XL:     6   Next: 11%
Magic:  12/15      EV: 13    Int: 22    God:
Gold:   167        SH:  0    Dex: 19    Spells: 8/14 levels left

rFire    . . .     SeeInvis +   m - +1 quarterstaff (drain)
rCold    . . .     Faith    .   (shield currently unavailable)
rNeg     + . .     Spirit   .   b - +0 robe
rPois    .         Reflect  .   (no helmet)
rElec    +         Harm     .   k - +0 cloak
rCorr    .         Rampage  .   i - +0 pair of gloves
Will     .....                  (no boots)
Stlth    ++........             a - amulet "Woqurph" {Acrobat rElec rN+ Dex+4 SInv}
HPRegen  0.10/turn              (no ring)
MPRegen  0.14/turn              (no ring)

@: lethally poisoned (-1 -> -14)
A: no striking features
a: no special abilities


You were on level 4 of the Dungeon.
You visited 1 branch of the dungeon, and saw 4 of its levels.

You collected 167 gold pieces.

Inventory:

Hand Weapons
 g - a +0 dagger
 l - a +3 quarterstaff of chaos
 m - a +1 quarterstaff of draining (weapon)
Missiles
 c - 30 stones
 e - 8 poisoned darts
Armour
 b - a +0 robe (worn)
 i - a +0 pair of gloves (worn)
 k - a +0 cloak (worn)
Jewellery
 a - the amulet "Woqurph" (around neck) {Acrobat rElec rN+ Dex+4 SInv}
   (You acquired it on level 4 of the Dungeon)

   [amulet of the acrobat]

   It increases your evasion while moving and waiting.
   Dex:       It affects your dexterity (+4).
   rElec:     It insulates you from electricity.
   rN:        It protects you from negative energy.
   SInv:      It lets you see invisible.
Wands
 p - a wand of charming (7)
Potions
 h - a potion of magic
 j - a potion of attraction
 n - a potion of lignification {unknown}
 r - a potion of curing {unknown}


   Skills:
 - Level 2.4 Dodging
 - Level 2.4 Stealth
 + Level 4.8 Spellcasting
 * Level 3.4 Conjurations
 - Level 1.1 Transmutations
 * Level 5.7 Earth Magic


You had 8 spell levels left.
You knew the following spells:

 Your Spells              Type           Power      Damage    Failure   Level
a - Sandblast             Erth           60%        2d14      1%          1
b - Passwall              Tmut/Erth      16%        N/A       3%          2
c - Stone Arrow           Conj/Erth      50%        3d10      4%          3

Your spell library contained the following spells:

 Spells                   Type           Power      Damage    Failure   Level
 Beastly Appendage        Tmut           20%        N/A       7%          1
 Wereblood                Tmut           10%        N/A       10%         2
 Slow                     Hex            5%         N/A       16%         2
 Spider Form              Tmut/Pois      3%         N/A       24%         3
 Petrify                  Tmut/Erth      20%        N/A       26%         4
 Confusing Touch          Hex            5%         N/A       30%         3
 Vampiric Draining        Necr           2%         2d6       30%         3


Dungeon Overview and Level Annotations

Branches:
Dungeon (4/15)
 Temple: D:4-7

Altars:

Shops:
D:4 *


Message History

d - a scroll labelled JYSYBU MUHAR You see here a +0 short sword.
As you read the scroll labelled JYSYBU MUHAR, it crumbles to dust.
It is a scroll of enchant weapon.
Your +0 quarterstaff of draining glows red for a moment.
Found 13 arrows.
Casting: Sandblast (safe; 1% risk of failure)
Confirm with . or Enter, or press ? or * to list all spells.
Aiming: Passwall (safe; 3% risk of failure)
Press: ? - help, Dir - move target A rock wall.
You begin to meditate on the wall.
You continue meditating on the rock. x2
You finish merging with the rock.
Found Ygehos's Serpentskin Sales.
The water moccasin hisses angrily.
The ball python hisses angrily.
The water moccasin hisses angrily. x2
The water moccasin completely misses you. x2
The water moccasin closely misses you.
Casting: Passwall (safe; 3% risk of failure)
Confirm with . or Enter, or press ? or * to list all spells.
Aiming: Passwall (safe; 3% risk of failure)
Press: ? - help, Dir - move target A rock wall.
The water moccasin bites you. The ball python bites you.
The ball python barely misses you. The water moccasin closely misses you.
The water moccasin bites you. x2; The ball python bites you.
The ball python closely misses you.
You begin to meditate on the wall.
You continue meditating on the rock.
The water moccasin bites you but does no damage.
The water moccasin bites you! x2
* * * LOW HITPOINT WARNING * * *
You are lethally poisoned!
The water moccasin poisons you! The ball python bites you.
* * * LOW HITPOINT WARNING * * *
The ball python barely misses you.
You continue meditating on the rock.
* * * LOW HITPOINT WARNING * * *
You feel very sick. The water moccasin bites you.
You die...

#.#.##.###.......# *,* *,,,,,,,
#.#.##...........#**,*****,,,,,,,
#.#'####*#.......#*,,,,,,,,,,,,,,
......# #....(..#*,,*****,,,,,,,
..)...####.......#*,,*****,,,,,,,
..............##+##,,,,,,,,,,,,,,
......####....#...#,,,****,,,,,,,
...)..# #.#..#SSS#,,,* *,,,,,,,
......# #.#..#S@.#,,,* *,,,,,,,
......# #.#..##+##,,,* *,,,,,,,
......#**#+#..#*,,*,,,* ****,***
(......,,,,....,,,,,,,* *,*
........,,,...##*,**,,* *,***
.........,,,,,,>,,,,,,*******,*,,
#####.....,,,,*,,,,,,,,,,,,**,*,*
*,,,,,,,,,,,,,,,,,,,,,,**,*,*
*,,,,,,,,,*,,,,,,,,,,,,**,*,*


You could see 3 water moccasins and a ball python.

Vanquished Creatures
  An orc warrior (D:4)
  Crazy Yiuf (D:2)
  Terence (D:3)
  A hound skeleton (D:4)
  4 adders
  4 gnolls (D:3)
  An ufetubus (D:3)
  2 worms
  A dart slug (D:2)
  3 orcs
  4 ball pythons
  3 bats (D:3)
  7 endoplasms
  3 giant cockroaches
  2 goblins
  4 hobgoblins
  4 kobolds
  A quokka (D:3)
  A frilled lizard (D:3)
  2 rats
50 creatures vanquished.

Notes
Turn   | Place    | Note
-------+----------+-------------------------------------------
     0 | D:1      | raph the Deep Elf Earth Elementalist began the quest for
                  | the Orb.
     0 | D:1      | Reached XP level 1. HP: 10/10 MP: 6/6
   405 | D:1      | Reached XP level 2. HP: 15/15 MP: 6/8
   408 | D:1      | Learned a level 2 spell: Passwall
   448 | D:1      | Found a faded altar of an unknown god.
   723 | D:2      | Reached skill level 4 in Earth Magic
   865 | D:2      | Reached XP level 3. HP: 19/19 MP: 7/10
   869 | D:2      | Learned a level 3 spell: Stone Arrow
  1145 | D:2      | Found a runed translucent door.
  1146 | D:2      | Noticed Crazy Yiuf
  1231 | D:2      | Reached skill level 1 in Conjurations
  1342 | D:2      | Killed Crazy Yiuf
  1343 | D:2      | Reached XP level 4. HP: 10/24 MP: 7/12
  1671 | D:3      | Reached skill level 5 in Earth Magic
  2337 | D:3      | Reached XP level 5. HP: 28/28 MP: 6/13
  2399 | D:3      | Noticed Terence
  2402 | D:3      | Killed Terence
  3263 | D:4      | Identified a scroll of acquirement
  3263 | D:4      | Acquired the amulet "Woqurph" {Acrobat rElec rN+ Dex+4
                  | SInv}
  3366 | D:4      | Noticed an orc warrior
  3380 | D:4      | Killed an orc warrior
  3381 | D:4      | Reached XP level 6. HP: 26/32 MP: 7/15
  3684 | D:4      | Found Ygehos's Serpentskin Sales.
  3684 | D:4      | Noticed a water moccasin
  3684 | D:4      | Noticed a water moccasin
  3684 | D:4      | Noticed a water moccasin
  3687 | D:4      | HP: 1/32 [poisoned by a water moccasin]
  3687 | D:4      | Slain by a water moccasin

Illustrated notes

Levels and vault maps discovered:
D:1:      scummos_arrival_forest, layout_rooms, chequers_ecumenical_altar_simple
D:2:      layout_rooms, uniq_crazy_yiuf_cottage
D:3:      layout_basic, serial_forest, infiniplex_forest_join,
          infiniplex_forest_clump_diagonal, infiniplex_forest_straight_3,
          infiniplex_forest_end_3, infiniplex_forest_lined_2,
          infiniplex_forest_straight_3, infiniplex_forest_fountain,
          infiniplex_forest_lined_2, st_stairs_12, minmay_misc_feat_alley,
          hex_medium, uniq_terence
D:4:      layout_basic, guppyfry_shop_venom

Skill      XL: |  1  2  3  4  5 |
---------------+----------------+-----
Earth Magic    | 4 5 |  5.7
Conjurations   | 1 2 3 |  3.4
Spellcasting   | 4 |  4.8
Dodging        | |  2.4
Stealth        | |  2.4
Transmutations | |  1.1

Action                   |  1- 3 |  4- 6 || total
-------------------------+-------+-------++-------
Melee: Quarterstaff      |       |     1 ||     1
 Cast: Sandblast         |    31 |    23 ||    54
       Stone Arrow       |       |    20 ||    20
       Passwall          |       |     2 ||     2
  Use: Scroll            |       |     8 ||     8
Armor: Robe              |     1 |     5 ||     6
Dodge: Dodged            |     3 |    15 ||    18
